 Dungeon Crawl Stone Soup version 0.22.1-1-ga44c0e5 (webtiles) character file.

599374 Lavandula the Executioner (level 24, 0/191 (193) HPs)
             Began as a Centaur Berserker on Nov 11, 2018.
             Was the Champion of Makhleb.
             Slain by an ogre
             ... wielding a +0 giant club
             ... created by the rage of Trog
              (33 damage)
             ... on level 3 of the Iron City of Dis.
             The game lasted 04:09:19 (36751 turns).

Lavandula the Executioner (Centaur Berserker)      Turns: 36751, Time: 04:09:20

HP:   0/191 (193)   AC: 30    Str: 34    XL:     24   Next: 59%
MP:   0/35          EV: 13    Int:  5    God:    Makhleb [******]
Gold: 148           SH:  0    Dex: 18    Spells: 12/39 levels left

rFire    + + +     SeeInvis .   G - +8 executioner's axe (freeze)
rCold    + + .     Gourm    .   (shield currently unavailable)
rNeg     + + +     Faith    .   B - +2 ice dragon scales
rPois    .         Spirit   +   r - +0 helmet of Theory {Str+2 Dex+2 Stlth+}
rElec    .         Reflect  .   C - scarf {repulsion}
rCorr    +         Harm     .   A - +3 pair of gauntlets of War {Slay+5}
MR       ++...                  e - +4 centaur barding {rC+}
Stlth    ++........             v - amulet of guardian spirit
HPRegen  0.41/turn              s - ring "Yqenoh" {Fire *Drain rN+++ Dex+3 Stlth+}
MPRegen  0.24/turn              J - ring "Ygiucz Udik" {rCorr rF+++ MR+ Str+2 Int-3}

@: repel missiles, very quick
A: large, hooves 3, thin skeletal structure 1, deformed body, speed 2, screaming
1, strong 1, tough skin 3, wild magic 1
}: 6/15 runes: barnacled, slimy, silver, icy, abyssal, gossamer
a: Minor Destruction, Lesser Servant of Makhleb, Major Destruction, Greater
Servant of Makhleb, Renounce Religion


You were on level 3 of the Iron City of Dis.
You worshipped Makhleb.
Makhleb was exalted by your worship.
You were not hungry.

You visited 14 branches of the dungeon, and saw 59 of its levels.
You visited the Abyss 1 time.
You also visited: Labyrinth, Ice Cave and Volcano.

You collected 4806 gold pieces.
You spent 4658 gold pieces at shops.

Inventory:

Hand Weapons
 G - a +8 executioner's axe of freezing (weapon)
Missiles
 o - 29 javelins of returning (quivered)
 F - 8 throwing nets
Armour
 e - a +4 centaur barding of cold resistance (worn)
 i - +2 fire dragon scales
 r - the +0 helmet of Theory (worn) {Str+2 Dex+2 Stlth+}
   (You found it in an ice cave)

   It affects your strength (+2).
   It affects your dexterity (+2).
   It makes you more stealthy.
 A - the +3 pair of gauntlets of War (worn) {Slay+5}
   (You found it on level 11 of the Dungeon)

   It affects your accuracy and damage with ranged weapons and melee attacks
   (+5).
 B - +2 ice dragon scales (worn)
 C - a scarf of repulsion (worn)
 R - a +0 troll leather armour
Jewellery
 p - a +6 ring of protection
 s - the ring "Yqenoh" (left hand) {Fire *Drain rN+++ Dex+3 Stlth+}
   (You found it on level 5 of the Vaults)

   [ring of fire]

   It enhances your fire magic.
   It affects your dexterity (+3).
   It protects you from fire.
   It makes you vulnerable to cold.
   It renders you almost immune to negative energy.
   It causes draining when unequipped.
   It makes you more stealthy.
 v - an amulet of guardian spirit (around neck)
 x - an uncursed ring of protection from cold
 E - an uncursed ring of see invisible
 J - the ring "Ygiucz Udik" (right hand) {rCorr rF+++ MR+ Str+2 Int-3}
   (You found it on level 5 of the Pits of Slime)

   [ring of resist corrosion]

   It affects your strength (+2).
   It affects your intelligence (-3).
   It renders you almost immune to fire.
   It affects your resistance to hostile enchantments.
 M - an uncursed amulet of the acrobat
 P - an uncursed ring of poison resistance
Wands
 w - a wand of iceblast (38)
 y - a wand of acid (24)
 I - a wand of clouds (1)
 N - a wand of digging (1)
 U - a wand of flame (37)
Scrolls
 g - 3 scrolls of magic mapping
 k - 14 scrolls of teleportation
 t - a scroll of fog
 K - a scroll of holy word
 L - 11 scrolls of identify
 O - 3 scrolls of immolation
 V - 9 scrolls of remove curse
 X - a scroll of fear
Potions
 b - 3 potions of resistance
 d - 6 potions of heal wounds
 f - 5 potions of ambrosia
 h - 16 potions of curing
 j - a potion of berserk rage
 l - 5 potions of brilliance
 n - 3 potions of agility
 u - a potion of haste
 z - 3 potions of invisibility
 H - 2 potions of mutation
 W - 2 potions of magic
Miscellaneous
 a - the horn of Geryon
 q - a sack of spiders
 S - a lamp of fire
 T - a phial of floods
 Y - a phantom mirror
 Z - 3 boxes of beasts
Comestibles
 c - 15 rations


   Skills:
 - Level 11.5 Fighting
 - Level 26.0 Axes
 - Level 11.3 Armour
 - Level 10.1 Dodging
 - Level 8.0 Spellcasting
 - Level 4.7 Charms
 - Level 10.8 Necromancy
 - Level 7.8 Translocations
 - Level 12.9 Transmutations
 + Level 12.5 Earth Magic
 - Level 5.4 Invocations
 - Level 5.0 Evocations


You had 12 spell levels left.
You knew the following spells:

 Your Spells              Type           Power        Failure   Level  Hunger
a - Blink                 Tloc           N/A          4%          2    ##.....
b - Shroud of Golubria    Chrm/Tloc      ##........   8%          2    ##.....
c - Regeneration          Chrm/Necr      ##........   9%          3    ###....
d - Spectral Weapon       Hex/Chrm       #.......     54%         3    ###....
e - Deflect Missiles      Chrm/Air       #.........   100%        6    #######
f - Statue Form           Tmut/Erth      ###......    45%         6    #######
g - Apportation           Tloc           ##....       3%          1    #......
h - Passage of Golubria   Tloc           N/A          26%         4    #####..

Your spell library contained the following spells:

 Spells                   Type           Power        Failure   Level  Hunger
 Animate Skeleton         Necr           N/A          1%          1    #......
 Beastly Appendage        Tmut           ###...       1%          1    #......
 Corpse Rot               Necr           N/A          1%          2    ##.....
 Passwall                 Tmut/Erth      ###.....     1%          2    ##.....
 Sticks to Snakes         Tmut           ###.....     1%          2    ##.....
 Sublimation of Blood     Necr           ###.......   1%          2    ##.....
 Vampiric Draining        Necr           ###.......   3%          3    ###....
 Petrify                  Tmut/Erth      ###.....     4%          4    #####..
 Animate Dead             Necr           N/A          8%          4    #####..
 Gell's Gravitas          Tloc           ##........   9%          3    ###....
 Infusion                 Chrm           #...         10%         1    #......
 Blade Hands              Tmut           ###.......   10%         5    ######.
 Lee's Rapid Deconstruct  Erth           ###.......   11%         5    ######.
 Song of Slaying          Chrm           #.......     14%         2    ##.....
 Spider Form              Tmut/Pois      ##........   14%         3    ###....
 Stone Arrow              Conj/Erth      ##....       14%         3    ###....
 Dispel Undead            Necr           ###.....     21%         5    ######.
 Ignite Poison            Fire/Tmut/Pois ##......     30%         3    ###....
 Swiftness                Chrm/Air       #.......     34%         2    ##.....
 Ice Form                 Ice/Tmut       ##......     38%         4    #####..
 Leda's Liquefaction      Hex/Erth       ##........   41%         4    #####..
 Hydra Form               Tmut           ###.......   43%         6    #######
 Confusing Touch          Hex            #.....       50%         1    #......
 Corona                   Hex            #......      50%         1    #......
 Magic Dart               Conj           #...         50%         1    #......
 Summon Small Mammal      Summ           #...         50%         1    #......
 Ozocubu's Armour         Chrm/Ice       #.......     54%         3    ###....
 Call Imp                 Summ           #.......     63%         2    ##.....
 Searing Ray              Conj           #.....       63%         2    ##.....
 Slow                     Hex            #.......     63%         2    ##.....
 Force Lance              Conj/Tloc      #.......     73%         4    #####..
 Alistair's Intoxication  Tmut/Pois      ##......     73%         5    ######.
 Irradiate                Conj/Tmut      ##........   73%         5    ######.
 Yara's Violent Unravell  Hex/Tmut       ##........   73%         5    ######.
 Call Canine Familiar     Summ           #.......     85%         3    ###....
 Confuse                  Hex            #.......     85%         3    ###....
 Conjure Flame            Conj/Fire      #.......     85%         3    ###....
 Dazzling Spray           Conj/Hex       #.....       85%         3    ###....
 Mephitic Cloud           Conj/Pois/Air  #.......     85%         3    ###....
 Static Discharge         Conj/Air       #.......     85%         3    ###....
 Summon Guardian Golem    Hex/Summ       #.......     85%         3    ###....
 Bolt of Draining         Conj/Necr      #.........   85%         5    ######.
 Dragon Form              Tmut           ###.......   92%         7    #######
 Summon Forest            Summ/Tloc      #.........   96%         5    ######.
 Fulminant Prism          Conj/Hex       #.........   99%         4    #####..
 Iskenderun's Mystic Bla  Conj           #.......     99%         4    #####..
 Olgreb's Toxic Radiance  Pois           #.......     99%         4    #####..
 Summon Ice Beast         Ice/Summ       #.......     99%         4    #####..
 Summon Lightning Spire   Summ/Air       #.......     99%         4    #####..
 Lightning Bolt           Conj/Air       #.........   100%        5    ######.
 Metabolic Englaciation   Hex/Ice        #.........   100%        5    ######.
 Silence                  Hex/Air        #.........   100%        5    ######.
 Conjure Ball Lightning   Conj/Air       #.........   100%        6    #######
 Darkness                 Hex            #.........   100%        6    #######
 Invisibility             Hex            #.......     100%        6    #######
 Haunt                    Necr/Summ      #.........   100%        7    #######
 Summon Hydra             Summ           #.........   100%        7    #######
 Borgnjor's Revivificati  Necr           ###.......   100%        8    #######
 Death's Door             Chrm/Necr      ##........   100%        8    #######
 Ignition                 Fire           #.........   100%        8    #######
 Infestation              Necr           ###.......   100%        8    #######
 Necromutation            Tmut/Necr      ###.......   100%        8    #######
 Shatter                  Erth           ###.......   100%        9    #######
 Tornado                  Air            #.........   100%        9    #######


Dungeon Overview and Level Annotations

Branches:
Dungeon (15/15)            Temple (1/1) D:5            Lair (6/6) D:10
 Shoals (4/4) Lair:4       Spider (4/4) Lair:4        Slime (5/5) Lair:6
    Orc (2/2) D:10            Elf (1/3) Orc:2        Vaults (5/5) D:14
 Depths (4/5) D:15           Hell (1/1)                 Dis (3/7) Hell
    Geh (1/7) Hell            Coc (7/7) Hell
  Crypt: Vaults:2-3     Tar: Hell:1

Altars:
Ashenzari
Cheibriados
Dithmenos
Elyvilon
Fedhas
Gozag
Hepliaklqana
Kikubaaqudgha
Makhleb
Nemelex Xobeh
Okawaru
Qazlal
Ru
Sif Muna
Trog
Uskayaw
Vehumet
Wu Jian
Xom
Yredelemnul
Zin
The Shining One
Jiyva

Shops:
D:5 :*(   D:7 }   D:10 *   D:14 =   Orc:1 *(!=(   Orc:2 [[??   Vaults:1 (([(
Vaults:2 !   Vaults:3 (   Depths:1 !([(   Depths:2 ==}(

Portals:
Hell: Depths:1 Depths:2 Depths:3 Depths:4
Ziggurat: Depths:4
Trove: D:12 (give 2 scrolls of acquirement)

Annotations:
D:11 vault
Lair:4 spider
Lair:6 slime
Shoals:4 exclusion: oklob plant
Coc:7 Antaeus


Innate Abilities, Weirdness & Mutations

You have hooves in place of feet.
Armour fits poorly on your strangely shaped body.
You cover ground very quickly.
You have extremely tough skin. (AC +3)
You have a somewhat thin skeletal structure. (Dex +2, Stealth)
You occasionally shout uncontrollably at your foes.
Your muscles are strong. (Str +2)
Your spells are a little harder to cast, but a little more powerful.


Message History

Casting: Blink (safe; 4% risk of failure)
Confirm with . or Enter, or press ? or * to list all spells.
You blink.
You are no longer corroded.
You hear a shout!
The ogre closely misses you.
The black bear rages.
Casting: Blink (safe; 4% risk of failure)
Confirm with . or Enter, or press ? or * to list all spells.
You blink.
The stone giant closely misses you. The stone giant hits you.
The stone giant hits you but does no damage.
You slice the iron imp!!
You kill the iron imp!
Makhleb accepts your kill.
You feel better.
You slice the stone giant!! You freeze the stone giant!
You slash the stone giant! You freeze the stone giant!
The stone giant closely misses you. The stone giant hits you!!
* * * LOW HITPOINT WARNING * * *
The ogre hits you with a giant club!!
You die...

#.....# ##.. +.....# #8CC
###+#######.# ##O.
#...........# #8..
#...........################..
#...........#8......TZ..O.'T..
#...........#.h....C.W....'...
#...........#OC###############
#.....#'###.#@Cz..........
#.....'.)...#8.z..........
#.....#))...##############
#.....#........
#.....#.....+.. #.....#.....#
. #.....###########+##+###
#...........#...........
#...........#...........


You could see 2 stone giants, a black bear (berserk), an ogre (berserk) and 2
wights.

Vanquished Creatures
  the Royal Jelly (Slime:5)
  An ancient lich (Vaults:4)
  Mennas (Vaults:2)
  A juggernaut (Depths:2)
  A shard shrike (Coc:7)
  Frederick (Vaults:2)
  Geryon (Hell)
  Margery (Vaults:2)
  A golden dragon (Depths:2)
  Arachne (Spider:2)
  16 Ice Fiends (Coc:7)
  6 tentacled monstrosities
  The ghost of Naevior the Peltast, an adept HOFi of the Shining One (Vaults:2)
  Jorgrun (Spider:2)
  2 titans (Vaults:5)
  2 liches
  18 acid blobs
  Gastronok (D:8)
  4 tentacled starspawn (Abyss:3)
  5 storm dragons
  An Executioner (Dis:3)
  Kirke (D:12)
  3 sphinxes
  2 shadow dragons
  8 azure jellies
  5 tengu reavers
  8 frost giants
  4 ghost moths (Spider:4)
  3 deep elf sorcerers
  8 fire giants
  2 balrugs
  3 iron dragons
  6 emperor scorpions
  17 vault wardens
  15 ironheart preservers
  A war gargoyle (Hell)
  13 reapers
  3 entropy weavers
  18 very ugly things
  2 vampire knights
  30 stone giants
  3 elemental wellsprings (Coc:7)
  A deep elf annihilator (Depths:2)
  2 lorocyprocas
  A minotaur (Lab)
  3 spark wasps
  4 merfolk javelineers
  4 deep elf death magi
  9 death oozes
  A green death (Hell)
  7 blizzard demons
  16 ettins
  7 fire dragons
  4 quicksilver dragon zombies
  3 deep elf high priests
  18 yaktaur captains
  5 merfolk impalers
  30 vault guards
  17 ice dragons
  3 spriggan air magi
  6 rakshasas
  Harold (D:7)
  A kraken zombie (Hell)
  15 great orbs of eyes
  4 hydras
  Erolcha (Orc:1)
  7 centaur warriors
  An anaconda (shapeshifter) (Vaults:5)
  A merfolk avatar (Shoals:4)
  14 ogre magi
  A catoblepas (Lair:6)
  An alligator snapping turtle (Shoals:4)
  4 dancing weapons
  2 death knights (Vaults:2)
  3 deep troll shamans
  3 merfolk aquamancers (Shoals:4)
  4 deep troll earth magi
  2 satyrs
  A two-headed ogre (shapeshifter) (Vaults:5)
  38 two-headed ogres
  4 tengu warriors
  5 death yaks (Lair:5)
  8 hell hogs
  19 hell knights
  3 thrashing horrors
  4 spriggan berserkers
  3 orc high priests (Orc:2)
  A titan zombie (Dis:3)
  Urug (D:10)
  Sonja (Lair:2)
  3 sun demons
  2 soul eaters
  A storm dragon zombie (Coc:7)
  A fire crab (shapeshifter) (Vaults:2)
  3 deep elf knights
  4 iron trolls
  A spatial maelstrom (Abyss:3)
  7 wretched stars
  A sixfirhy (Abyss:3)
  4 shadow wraiths
  3 sea snakes
  A storm dragon skeleton (Coc:7)
  2 unseen horrors (D:14)
  9 skeletal warriors
  3 anaconda zombies
  A glowing orange brain (Vaults:4)
  A shadow demon (Dis:3)
  15 deep trolls
  3 deep elf archers
  3 flayed ghosts
  11 starcursed masses (Abyss:3)
  3 wizards
  A golden dragon skeleton (Depths:4)
  A tengu zombie (Depths:4)
  A swamp dragon (shapeshifter) (Abyss:2)
  3 large abominations
  12 harpies
  14 ironbrand convokers
  A lindwurm (Lair:6)
  A harpy (shapeshifter) (Depths:2)
  A shadow dragon zombie (Dis:3)
  2 phantasmal warriors (Vaults:5)
  7 necromancers
  13 orc knights
  14 orb spiders
  29 wolf spiders
  5 stone giant zombies
  9 deep elf magi
  4 orc sorcerers (Orc:2)
  3 worldbinders (Abyss:3)
  36 ugly things
  11 cyclopes
  4 shining eyes
  53 slime creatures
  An iron dragon skeleton (Coc:7)
  2 shadow dragon skeletons
  2 human zombies (Vaults:2)
  An iron dragon zombie (Coc:1)
  3 moths of wrath (Spider:4)
  4 fire giant zombies
  A stone giant skeleton (Coc:7)
  7 elephants (Lair:6)
  4 ice statues
  16 vault sentinels
  5 smoke demons (Abyss:3)
  A frost giant skeleton (Coc:7)
  5 black mambas
  A fire giant skeleton (Coc:4)
  3 eyes of devastation
  17 rust devils
  2 centaur zombies
  A gargoyle (D:13)
  2 torpor snails (Spider:4)
  5 spectral swamp worms (Depths:1)
  2 molten gargoyles (Volcano)
  13 freezing wraiths
  2 hellions
  2 rime drakes (Lair:1)
  13 spiny frogs
  40 yaktaurs
  14 tormentors
  An entropy weaver simulacrum (Vaults:3)
  14 demonic crawlers
  2 komodo dragons (Lair:2)
  19 ice devils
  A tengu conjurer (D:14)
  2 efreet
  2 hellwings (Abyss:3)
  7 hydra zombies
  6 red devils
  5 trolls
  8 polar bears
  A polar bear (shapeshifter) (Vaults:2)
  10 merfolk (Shoals:4)
  2 wind drakes
  A troll (shapeshifter) (Vaults:1)
  9 hornets
  2 wind drakes (shapeshifter)
  2 fire dragon zombies
  18 jumping spiders
  An elf zombie (Depths:4)
  A hippogriff (shapeshifter) (Vaults:3)
  3 hippogriffs
  A raiju (shapeshifter) (Depths:2)
  8 raiju
  A blink frog (shapeshifter) (D:15)
  5 snapping turtles
  2 dream sheep (Lair:6)
  17 blink frogs
  2 hydra skeletons
  2 ettin zombies
  A centaur simulacrum (D:15)
  27 flying skulls
  An air elemental (Orc:2)
  4 alligator zombies
  22 water elementals
  A fire dragon skeleton (Coc:1)
  51 yaks
  A vampire (D:15)
  33 redbacks
  2 alligator skeletons (Hell)
  A black mamba zombie (Coc:1)
  A hog (D:12)
  5 shadows
  20 tarantellas
  An ettin skeleton (Dis:1)
  12 spriggans
  A basilisk (D:14)
  10 wraiths
  3 fire bats
  5 hungry ghosts
  A ynoxinul (Abyss:3)
  A wyvern (Lair:4)
  2 steam dragons (Volcano)
  7 golden eyes
  2 vampire mosquitoes (D:13)
  Menkaure (D:7)
  3 small abominations
  A neqoxec (Abyss:3)
  A merfolk zombie (Dis:2)
  2 spatial vortices
  A warg (Orc:1)
  3 acid dragons
  A deep troll zombie (Vaults:2)
  A soldier ant (D:13)
  A water moccasin (shapeshifter) (Vaults:4)
  Edmund (D:5)
  A floating eye (Slime:5)
  A floating eye (shapeshifter) (Depths:1)
  A hydra simulacrum (Coc:7)
  7 porcupines
  3 spiny frog zombies
  A snapping turtle zombie (Dis:3)
  16 hell hounds
  7 water moccasins
  12 ice beasts
  2 spiny frog skeletons
  A swamp drake (D:10)
  6 eyes of draining
  25 orc warriors
  9 black bears
  An alligator simulacrum (Coc:7)
  A hornet zombie (D:11)
  4 sky beasts
  A fire dragon simulacrum (Abyss:3)
  2 phantoms
  2 eyes of draining (shapeshifter)
  9 necrophages
  32 ogres
  15 boggarts
  A manticore skeleton (Coc:1)
  A wolf (shapeshifter) (Depths:4)
  22 wolves (Lair:6)
  10 crocodiles
  16 centaurs
  2 snapping turtle skeletons
  13 bullfrogs
  2 big kobolds (D:7)
  A human skeleton (Vaults:3)
  A spiny frog simulacrum (Coc:1)
  A wyvern zombie (D:13)
  2 scorpions
  A water moccasin skeleton (D:10)
  11 killer bees
  A manticore simulacrum (Coc:7)
  34 wights
  A spriggan skeleton (Lab)
  3 troll skeletons
  5 howler monkeys
  4 electric eels
  5 lava snakes (Volcano)
  11 crimson imps
  2 quasits
  A bullfrog zombie (D:13)
  5 hounds
  6 jellies
  2 bullfrog skeletons
  16 orc priests
  5 centaur skeletons
  14 iron imps
  2 iguanas
  Ijyb (D:5)
  23 orc wizards
  6 worker ants
  6 hell rats
  A lightning spire (Abyss:3)
  A naga skeleton (Coc:7)
  An ogre skeleton (Lab)
  3 hound skeletons
  3 mummies
  2 worker ant zombies
  7 gnolls
  6 adders
  2 howler monkey skeletons
  5 shadow imps
  10 white imps
  2 oozes (Abyss:3)
  An ufetubus (Abyss:2)
  An adder zombie (D:5)
  5 worms
  A dart slug (D:2)
  6 leopard geckos
  70 orcs
  16 giant cockroaches
  2 goblins (D:2)
  4 hobgoblins
  3 jackals (D:2)
  5 quokkas
  4 ball pythons
  4 bats
  4 frilled lizards
  16 kobolds
  2 quokka skeletons
  A rat (D:3)
  5 fungi
  A plant (Shoals:4)
  2 starspawn tentacles (Abyss:3)
  2 tentacles (Hell)
1972 creatures vanquished.

Vanquished Creatures (collateral kills)
  An ancient lich (Vaults:5)
  A bone dragon (Coc:1)
  A titan (Vaults:5)
  Asterion (Spider:2)
  A frost giant (Vaults:5)
  An ironheart preserver (Vaults:2)
  A war gargoyle (Vaults:5)
  An ettin (Vaults:5)
  A deep elf high priest (Vaults:5)
  An ironbrand convoker (Vaults:4)
  2 orc knights (Vaults:4)
  3 ugly things (Vaults:4)
  2 deep elf magi (Vaults:2)
  A tormentor (Coc:7)
  An ice devil (Coc:7)
  A polar bear (Coc:1)
  An alligator zombie (Coc:1)
  A flying skull (Coc:1)
  A tarantella (Spider:4)
  An orc warrior (Vaults:4)
  2 orcs
26 creatures vanquished.

Vanquished Creatures (others)
  A deep elf elementalist (Vaults:5)
  An elemental wellspring (Coc:7)
  A hell knight (Depths:2)
  A smoke demon (Abyss:3)
  A yaktaur (Depths:2)
  A jumping spider (Spider:3)
  A polar bear (Depths:1)
  A water elemental (Depths:4)
  A human (D:12)
  An orc warrior (Vaults:3)
  An ogre (D:12)
  A crocodile (D:12)
  4 fungi
  11 plants
  11 starspawn tentacles (Abyss:3)
  2 tentacles (Hell)
40 creatures vanquished.

Grand Total: 2038 creatures vanquished

Notes
Turn   | Place    | Note
-------+----------+-------------------------------------------
     0 | D:1      | Lavandula the Centaur Berserker began the quest for the
                  | Orb.
     0 | D:1      | Reached XP level 1. HP: 19/19 MP: 1/1
    85 | D:2      | Reached skill level 3 in Axes
   103 | D:2      | Reached XP level 2. HP: 24/26 MP: 2/2
   186 | D:2      | Reached XP level 3. HP: 25/31 MP: 3/3
   325 | D:2      | Reached ** piety under Trog
   325 | D:2      | Reached skill level 4 in Axes
   560 | D:5      | Entered Level 5 of the Dungeon
   641 | D:4      | Reached XP level 4. HP: 38/38 MP: 4/4
   683 | D:5      | Found a staircase to the Ecumenical Temple.
   765 | D:5      | Reached skill level 5 in Axes
   808 | D:5      | Found Xixiceac's Book Shop.
   895 | D:5      | Found Fyxzol's Weapon Shoppe.
   926 | D:5      | Reached XP level 5. HP: 32/45 MP: 5/5
   975 | D:5      | Found Favvexawoi's Assorted Antiques.
   978 | D:5      | Bought a scroll labeled LYITUGGEMAW for 23 gold pieces
   978 | D:5      | Bought a bubbling sapphire potion for 20 gold pieces
  1163 | D:5      | Noticed Ijyb
  1171 | D:5      | Killed Ijyb
  1265 | D:5      | Noticed Edmund
  1276 | D:5      | Killed Edmund
  1276 | D:5      | Reached skill level 6 in Axes
  1276 | D:5      | Reached XP level 6. HP: 28/51 MP: 6/6
  1721 | D:6      | Reached skill level 7 in Axes
  1920 | D:7      | Noticed Harold
  1930 | D:6      | Noticed a sky beast
  1941 | D:6      | Reached XP level 7. HP: 50/57 MP: 7/7
  2025 | D:6      | Reached skill level 8 in Axes
  2118 | D:7      | Noticed Menkaure
  2304 | D:7      | Found Godic's Gadget Emporium.
  2310 | D:7      | Identified a scroll of acquirement
  2567 | D:7      | Reached skill level 9 in Axes
  2567 | D:7      | Reached XP level 8. HP: 48/63 MP: 8/8
  2681 | D:7      | Killed Menkaure
  2744 | D:7      | Killed Harold
  2744 | D:7      | Reached skill level 11 in Axes
  2744 | D:7      | Reached XP level 9. HP: 69/69 MP: 9/9
  2981 | D:8      | Noticed a two-headed ogre
  3034 | D:8      | Killed a two-headed ogre
  3034 | D:8      | Reached skill level 12 in Axes
  3067 | D:8      | Reached *** piety under Trog
  3132 | D:8      | Noticed Gastronok
  3150 | D:9      | Reached skill level 13 in Axes
  3153 | D:9      | Reached XP level 10. HP: 77/77 MP: 10/10
  3240 | D:8      | Killed Gastronok
  3240 | D:8      | Reached skill level 14 in Axes
  3289 | D:8      | Noticed a two-headed ogre
  3396 | D:10     | Entered Level 10 of the Dungeon
  3654 | D:10     | Noticed a two-headed ogre
  3659 | D:10     | Killed a two-headed ogre
  3879 | D:10     | Noticed Urug
  3884 | D:10     | Killed Urug
  3884 | D:10     | Reached XP level 11. HP: 82/82 MP: 11/11
  4115 | D:11     | Noticed a two-headed ogre
  4150 | D:11     | Killed a two-headed ogre
  4324 | D:11     | Found a runed door.
  4324 | D:11     | Noticed a stone giant
  4324 | D:11     | Noticed an ettin
  4324 | D:11     | Noticed a storm dragon
  4326 | D:11     | Noticed a fire giant
  4326 | D:11     | Noticed a deep elf high priest
  4326 | D:11     | Noticed a tengu reaver
  4326 | D:11     | Noticed an ettin
  4326 | D:11     | Noticed a hell knight
  4327 | D:11     | Found the +3 pair of gauntlets of War {Slay+5}
  4548 | D:11     | Reached **** piety under Trog
  4588 | D:11     | Reached skill level 15 in Axes
  4677 | D:11     | Noticed a white ugly thing
  4771 | D:10     | Found Liyt Asa's General Store.
  5165 | D:10     | Found a staircase to the Orcish Mines.
  5248 | Orc:1    | Entered Level 1 of the Orcish Mines
  5300 | Orc:1    | Noticed an orc knight
  5321 | Orc:1    | Killed an orc knight
  5439 | Orc:1    | Reached skill level 16 in Axes
  5505 | Orc:1    | Found Raggaibb's General Store.
  5510 | Orc:1    | Found Roroiff's Weapon Emporium.
  5517 | Orc:1    | Found Mimih's Distillery.
  5650 | D:10     | Bought an uncursed amulet of guardian spirit for 420 gold
                  | pieces
  5784 | Orc:1    | Found Mukkyudism's Weapon Boutique.
  5863 | Orc:1    | Bought a potion of ambrosia for 120 gold pieces
  5863 | Orc:1    | Bought a scroll of enchant weapon for 112 gold pieces
  5990 | Orc:1    | Noticed Erolcha
  6001 | Orc:1    | Killed Erolcha
  6060 | Orc:2    | Entered Level 2 of the Orcish Mines
  6079 | Orc:2    | Found a staircase to the Elven Halls.
  6135 | Orc:1    | Found Ubafe's Jewellery Emporium.
  6484 | Orc:2    | Noticed an orc knight
  6497 | Orc:2    | Reached skill level 5 in Fighting
  6498 | Orc:2    | Killed an orc knight
  6498 | Orc:2    | Reached XP level 12. HP: 94/94 MP: 8/12
  6930 | Orc:2    | Noticed an orc high priest
  6950 | Orc:2    | Killed an orc high priest
  6951 | Orc:2    | Noticed an orc high priest
  6961 | Orc:2    | Killed an orc high priest
  7178 | Orc:2    | Reached skill level 5 in Dodging
  7221 | Orc:2    | Noticed an orc high priest
  7230 | Orc:2    | Killed an orc high priest
  7265 | Orc:2    | Found Pecuoguwagi's Magic Scroll Boutique.
  7286 | Orc:2    | Found Yri Lu Lae's Armour Emporium.
  7291 | Orc:2    | Found Miqil's Armour Emporium.
  7293 | Orc:2    | Found Vugut's Magic Scroll Boutique.
  7370 | Elf:1    | Entered Level 1 of the Elven Halls
  7695 | D:12     | Found a portal to a secret trove of treasure.
  7858 | D:13     | Noticed a five-headed hydra
  8121 | D:12     | Noticed Kirke
  8131 | D:12     | Killed Kirke
  8160 | D:12     | Noticed a four-headed hydra
  8302 | D:10     | Found a staircase to the Lair.
  8313 | Lair:1   | Entered Level 1 of the Lair of Beasts
  8351 | Lair:1   | Noticed a four-headed hydra
  8362 | Lair:1   | Killed an eight-headed hydra
  8394 | Lair:1   | Reached XP level 13. HP: 77/108 MP: 6/13
  8395 | Lair:1   | Found a frozen archway.
  8415 | IceCv    | Entered an ice cave
  8682 | IceCv    | Got a polished helmet
  8693 | IceCv    | Identified the cursed +0 helmet of Theory {Str+2 Dex+2
                  | Stlth+} (You found it in an ice cave)
  8796 | Lair:2   | Noticed Sonja
  8812 | Lair:2   | Killed Sonja
  8853 | Lair:2   | Found a labyrinth entrance.
  8862 | Lair:2   | Reached skill level 5 in Armour
  8939 | Lab      | Entered a labyrinth
  9180 | Lab      | Noticed a minotaur
  9221 | Lab      | Killed a minotaur
  9251 | Lab      | Got an ancient helmet
  9294 | Lab      | Identified the +0 helmet of Riwost {*Corrode rF+ Int+5
                  | Stlth-} (You found it in a labyrinth)
  9602 | Lair:3   | Reached ***** piety under Trog
  9844 | Lair:3   | Found a stormy altar of Qazlal.
  9986 | Lair:4   | Found a staircase to the Shoals.
  9989 | Lair:4   | Reached skill level 17 in Axes
 10253 | Lair:6   | Entered Level 6 of the Lair of Beasts
 10386 | Lair:6   | Found a dark tunnel.
 10391 | Volcano  | Entered a volcano
 10536 | Volcano  | Found a bloodstained altar of Trog.
 10638 | Volcano  | Gained mutation: You occasionally shout uncontrollably at
                  | your foes. [potion of mutation]
 10638 | Volcano  | Gained mutation: Your spells are a little harder to cast,
                  | but a little more powerful. [potion of mutation]
 10638 | Volcano  | Gained mutation: You have a somewhat thin skeletal
                  | structure. (Dex +2, Stealth) [potion of mutation]
 10638 | Volcano  | Gained mutation: Your muscles are strong. (Str +2) [potion
                  | of mutation]
 10662 | Volcano  | Noticed a fire dragon
 10696 | Volcano  | Killed a fire dragon
 10804 | Lair:6   | Reached XP level 14. HP: 118/118 MP: 14/14
 11009 | Lair:6   | Reached skill level 18 in Axes
 11081 | Lair:6   | Received a gift from Trog
 11811 | Orc:2    | Bought a scroll of enchant armour for 82 gold pieces
 11812 | Orc:2    | Bought a scroll of immolation for 38 gold pieces
 11812 | Orc:2    | Bought a scroll of magic mapping for 38 gold pieces
 11812 | Orc:2    | Bought a scroll of teleportation for 33 gold pieces
 11812 | Orc:2    | Bought a scroll of teleportation for 33 gold pieces
 11812 | Orc:2    | Bought a scroll of identify for 22 gold pieces
 11812 | Orc:2    | Bought a scroll of identify for 22 gold pieces
 11824 | Orc:2    | Bought a scroll of enchant armour for 90 gold pieces
 11825 | Orc:2    | Bought a scroll of fear for 42 gold pieces
 11825 | Orc:2    | Bought a scroll of magic mapping for 42 gold pieces
 11825 | Orc:2    | Bought a scroll of identify for 24 gold pieces
 11825 | Orc:2    | Bought a scroll of identify for 24 gold pieces
 11825 | Orc:2    | Bought 3 scrolls of enchant weapon for 270 gold pieces
 11825 | Orc:2    | Bought a scroll of identify for 24 gold pieces
 11897 | Orc:1    | Bought a potion of resistance for 110 gold pieces
 11897 | Orc:1    | Bought 2 potions of heal wounds for 110 gold pieces
 11897 | Orc:1    | Bought a potion of heal wounds for 55 gold pieces
 11897 | Orc:1    | Bought a potion of curing for 33 gold pieces
 11897 | Orc:1    | Bought a potion of flight for 33 gold pieces
 12060 | Shoals:1 | Entered Level 1 of the Shoals
 12161 | Shoals:2 | Reached skill level 19 in Axes
 12301 | Shoals:4 | Entered Level 4 of the Shoals
 12481 | Shoals:4 | Identified Further Steps in the Arcane Arts
 12850 | Shoals:4 | Reached XP level 15. HP: 112/124 MP: 15/15
 12874 | Shoals:4 | Received a gift from Trog
 12930 | Shoals:4 | Reached skill level 20 in Axes
 13032 | Shoals:4 | Got a barnacled rune of Zot
 13142 | Lair:4   | Found a hole to the Spider Nest.
 13158 | Spider:1 | Entered Level 1 of the Spider Nest
 13445 | Spider:2 | Noticed Jorgrun
 14254 | Spider:3 | Got a faintly glowing battleaxe
 14255 | Spider:3 | Identified the +0 battleaxe of the Dungeon {flame, -Tele
                  | rElec rC+++ MR++} (You found it on level 3 of the Spider
                  | Nest)
 14277 | Spider:2 | Noticed Asterion
 14289 | Spider:2 | Killed Asterion
 14346 | Spider:2 | Noticed Arachne
 14385 | Spider:2 | Killed Arachne
 14476 | Spider:2 | Killed Jorgrun
 14706 | Spider:4 | Entered Level 4 of the Spider Nest
 15064 | Spider:4 | Received a gift from Trog
 15064 | Spider:4 | Reached XP level 16. HP: 54/132 MP: 7/16
 15069 | Spider:4 | Reached skill level 10 in Armour
 15999 | Spider:4 | Received a gift from Trog
 16423 | Spider:4 | Got a gossamer rune of Zot
 17026 | D:15     | Entered Level 15 of the Dungeon
 17433 | D:14     | Found Fiuguav's Jewellery Boutique.
 17542 | D:14     | Found a gate to the Vaults.
 17551 | Vaults:1 | Entered Level 1 of the Vaults
 17602 | Vaults:1 | Found Kiotarphy's Antique Armour Boutique.
 17862 | Vaults:1 | Received a gift from Trog
 18081 | Vaults:1 | Reached skill level 10 in Dodging
 18081 | Vaults:1 | Reached XP level 17. HP: 120/138 MP: 11/17
 18132 | Vaults:1 | Found Yntiq's Antique Weapon Shoppe.
 18256 | Vaults:1 | Reached skill level 1 in Evocations
 18453 | Vaults:1 | Found Qoetiteu's Antique Weapon Shop.
 18513 | Vaults:1 | Found Mobboenn's Antique Weapon Emporium.
 18596 | Vaults:2 | Reached skill level 5 in Evocations
 18714 | Vaults:2 | Found Nyqiukk's Distillery.
 18755 | Vaults:2 | Reached skill level 10 in Fighting
 19017 | Vaults:3 | Found Yhet's Antique Weapon Shop.
 19017 | Vaults:3 | Noticed a lich
 19054 | Vaults:3 | Noticed a Tzitzimitl
 19065 | Vaults:3 | Killed a lich
 19130 | Vaults:3 | Received a gift from Trog
 19803 | Vaults:3 | Reached ****** piety under Trog
 19827 | Vaults:3 | Received a gift from Trog
 19836 | Vaults:3 | Reached XP level 18. HP: 118/151 MP: 17/21
 19876 | Vaults:3 | Reached skill level 21 in Axes
 20465 | Vaults:4 | Received a gift from Trog
 20476 | Vaults:4 | Paralysed by a sphinx for 4 turns
 20618 | Vaults:4 | Noticed an ancient lich
 20624 | Vaults:4 | Killed an ancient lich
 20624 | Vaults:4 | Reached skill level 22 in Axes
 20754 | Vaults:5 | Entered Level 5 of the Vaults
 20904 | Vaults:5 | Noticed a tentacled monstrosity
 21012 | Vaults:5 | Reached XP level 19. HP: 158/158 MP: 18/22
 21197 | Vaults:5 | Reached skill level 23 in Axes
 21204 | Vaults:5 | Received a gift from Trog
 21286 | Vaults:5 | Got a clouded copper ring
 21290 | Vaults:5 | Identified the ring "Yqenoh" {Fire *Drain rN+++ Dex+3
                  | Stlth+} (You found it on level 5 of the Vaults)
 21300 | Vaults:5 | Got a silver rune of Zot
 21539 | Vaults:5 | Cast into level 2 of the Abyss (a deep elf sorcerer)
 21859 | Abyss:3  | Received a gift from Trog
 21860 | Abyss:3  | Identified the +1 battleaxe of the Pharaoh's Fist {freeze,
                  | rElec Stlth+} (Trog gifted it to you on level 3 of the
                  | Abyss)
 22174 | Abyss:3  | Reached skill level 24 in Axes
 22187 | Abyss:3  | Got an abyssal rune of Zot
 22287 | Vaults:5 | Escaped the Abyss
 22874 | Vaults:5 | Reached XP level 20. HP: 127/166 MP: 18/23
 22902 | Vaults:5 | Paralysed by a great orb of eyes for 2 turns
 23302 | Vaults:5 | Noticed an ancient lich
 23313 | Vaults:5 | Killed an ancient lich
 23445 | Vaults:5 | Identified the Reference Book on Protection and Moulding
 23602 | Vaults:5 | Reached skill level 25 in Axes
 23800 | Vaults:5 | Identified the +5 scale mail of Space {rF- rN+++ MR-
                  | Regen+} (You found it on level 5 of the Vaults)
 24216 | Vaults:2 | Noticed Mennas
 24236 | Vaults:2 | Killed Mennas
 24348 | Vaults:2 | Noticed Margery
 24369 | Vaults:2 | Killed Margery
 24369 | Vaults:2 | Noticed Frederick
 24382 | Vaults:2 | Killed Frederick
 24467 | Vaults:2 | Found a runed door.
 24469 | Vaults:2 | Noticed Naevior's ghost (adept HOFi)
 24523 | Vaults:2 | Killed Naevior's ghost
 24777 | Vaults:2 | Bought a potion of heal wounds for 90 gold pieces
 24777 | Vaults:2 | Bought a potion of heal wounds for 90 gold pieces
 24777 | Vaults:2 | Bought 2 potions of heal wounds for 180 gold pieces
 25088 | Orc:1    | Bought a +6 ring of protection for 1014 gold pieces
 25401 | D:5      | Bought a book of Battle for 480 gold pieces
 25431 | Temple   | Entered the Ecumenical Temple
 25662 | D:8      | Found an ornate altar of the Wu Jian Council.
 25662 | D:8      | Found a shimmering altar of Xom.
 25848 | D:9      | Found a blossoming altar of Fedhas.
 25848 | D:9      | Found an iron altar of Okawaru.
 26551 | D:3      | Found a shattered altar of Ashenzari.
 26937 | D:2      | Found a sacrificial altar of Ru.
 27784 | D:6      | Found a burning altar of Makhleb.
 27793 | D:6      | Fell from the grace of Trog
 27793 | D:6      | Became a worshipper of Makhleb the Destroyer
 28043 | D:11     | Reached skill level 26 in Axes
 28051 | D:11     | Reached XP level 21. HP: 91/172 MP: 13/24
 28099 | D:12     | Learned a level 1 spell: Apportation
 28125 | D:12     | Learned a level 2 spell: Blink
 28128 | D:12     | Learned a level 2 spell: Shroud of Golubria
 28132 | D:12     | Learned a level 3 spell: Regeneration
 28136 | D:12     | Learned a level 3 spell: Spectral Weapon
 28143 | D:12     | Learned a level 6 spell: Deflect Missiles
 28474 | D:11     | Reached skill level 1 in Spellcasting
 28490 | D:11     | Identified the Disquisition on Shifting Sinister Rites
 28938 | Lair:6   | Found a staircase to the Slime Pits.
 28943 | Slime:1  | Entered Level 1 of the Pits of Slime
 28954 | Slime:1  | Paralysed by a great orb of eyes for 4 turns
 28991 | Slime:1  | Reached skill level 1 in Charms
 29303 | Slime:1  | Reached skill level 1 in Necromancy
 29355 | Slime:3  | Reached * piety under Makhleb
 29364 | Slime:3  | Reached skill level 1 in Invocations
 29496 | Slime:4  | Gained mutation: Scrolls take you a little longer to read.
                  | [a shining eye]
 29530 | Slime:4  | Reached skill level 5 in Invocations
 29632 | Slime:5  | Entered Level 5 of the Pits of Slime
 29652 | Slime:4  | Reached ** piety under Makhleb
 29791 | Slime:5  | Paralysed by a great orb of eyes for 7 turns
 29940 | Slime:5  | Noticed the Royal Jelly
 30116 | Slime:5  | Lost mutation: Scrolls take you a little longer to read. [a
                  | shining eye]
 30134 | Slime:5  | Found a viscous altar of Jiyva.
 30225 | Slime:5  | Killed the Royal Jelly
 30225 | Slime:5  | Reached skill level 5 in Spellcasting
 30315 | Slime:5  | Identified the Tome of Enchantment and Black Arts
 30338 | Slime:5  | Identified the ring "Ygiucz Udik" {rCorr rF+++ MR+ Str+2
                  | Int-3} (You found it on level 5 of the Pits of Slime)
 30352 | Slime:5  | Got a slimy rune of Zot
 30354 | Slime:5  | Identified the ring "Leikk" {rPois rF- rC+ Str+3 SInv} (You
                  | found it on level 5 of the Pits of Slime)
 30753 | D:15     | Reached *** piety under Makhleb
 30806 | D:15     | Reached skill level 1 in Transmutations
 30828 | D:15     | Found a staircase to the Depths.
 30868 | Depths:1 | Entered Level 1 of the Depths
 30868 | Depths:1 | Found Moikig's Antique Armour Shoppe.
 30871 | Depths:1 | Paralysed by a floating eye for 4 turns
 30885 | Depths:1 | Reached skill level 5 in Transmutations
 30967 | Depths:1 | Reached **** piety under Makhleb
 31003 | Depths:1 | Found a gateway to Hell.
 31381 | Depths:1 | Found Atwiz's Weapon Shop.
 31428 | Depths:1 | Reached XP level 22. HP: 139/179 MP: 15/30
 31482 | Depths:1 | Reached skill level 10 in Transmutations
 31526 | Depths:1 | Reached ***** piety under Makhleb
 31535 | Depths:1 | Found Nuargh's Antique Weapon Boutique.
 31562 | Depths:1 | Found Zokhly's Distillery.
 31570 | Depths:1 | Bought a potion of resistance for 120 gold pieces
 31755 | Depths:2 | Reached skill level 1 in Translocations
 31847 | Depths:2 | Reached skill level 5 in Translocations
 31888 | Depths:2 | Found a runed door.
 32057 | Depths:2 | Found Viycait's Weapon Boutique.
 32095 | Depths:2 | Found Zuegis's Jewellery Shop.
 32097 | Depths:2 | Found Ynyeps's Gadget Emporium.
 32099 | Depths:2 | Found Iveodghuti's Jewellery Shop.
 32332 | Depths:4 | Learned a level 6 spell: Statue Form
 32339 | Hell     | Entered the Vestibule of Hell
 32339 | Hell     | Noticed Geryon
 32370 | Depths:4 | Reached skill level 5 in Necromancy
 32382 | Depths:4 | Found a gateway to a ziggurat.
 32464 | Depths:2 | Reached ****** piety under Makhleb
 32799 | Depths:3 | Found a shimmering altar of Xom.
 32886 | Depths:3 | Paralysed by Trog for 3 turns
 33071 | Depths:4 | Reached XP level 23. HP: 84/185 MP: 6/31
 33425 | Depths:2 | Reached skill level 10 in Necromancy
 33426 | Depths:2 | Noticed a juggernaut
 33486 | Depths:2 | Killed a juggernaut
 33549 | Hell     | Reached skill level 1 in Earth Magic
 33555 | Hell     | Killed Geryon
 33646 | Hell     | Found a gateway to the ashen valley of Gehenna.
 33668 | Geh:1    | Entered Level 1 of Gehenna
 34010 | Orc:2    | Bought +2 ice dragon scales for 864 gold pieces
 34290 | Hell     | Reached skill level 5 in Earth Magic
 34301 | Hell     | Found a gateway to the freezing wastes of Cocytus.
 34336 | Coc:1    | Entered Level 1 of Cocytus
 34629 | Coc:1    | HP: 2/185 [ogre/giant club[the rage of Trog] (11)]
 34842 | Coc:7    | Entered Level 7 of Cocytus
 35021 | Coc:7    | Reached skill level 10 in Earth Magic
 35031 | Coc:7    | Reached XP level 24. HP: 94/186 MP: 3/31
 35048 | Coc:7    | Noticed a shard shrike
 35053 | Coc:7    | Killed a shard shrike
 35253 | Coc:7    | Learned a level 4 spell: Passage of Golubria
 35571 | Coc:7    | Noticed Antaeus
 35677 | Coc:7    | Got an icy rune of Zot
 35781 | Hell     | Found a gateway to the Iron City of Dis.
 35950 | Dis:1    | Entered Level 1 of the Iron City of Dis
 36123 | Dis:1    | You fall through a shaft!
 36751 | Dis:3    | Slain by an ogre

Skill      XL: |  1  2  3  4  5  6  7  8  9 10 11 12 13 14 15 16 17 18 19 20 21 22 23 24 |
---------------+-------------------------------------------------------------------------+-----
Axes           | 3 4 5 6 7 9 11 13 14 16 17 19 20 22 24 26 | 26.0
Dodging        | 3 6 10 | 10.1
Armour         | 2 4 5 9 11 | 11.3
Fighting       | 5 8 9 11 | 11.5
Evocations     | 5 |  5.0
Spellcasting   | 5 8 |  8.0
Charms         | 4 |  4.7
Necromancy     | 2 7 10 | 10.8
Invocations    | 5 |  5.4
Transmutations | 9 12 | 12.9
Translocations | 7 |  7.8
Earth Magic    | 10 12 | 12.5

Action                   |  1- 3 |  4- 6 |  7- 9 | 10-12 | 13-15 | 16-18 | 19-21 | 22-24 || total
-------------------------+-------+-------+-------+-------+-------+-------+-------+-------++-------
Melee: Hand axe          |     9 |       |    17 |       |       |       |       |       ||    26
       Whip              |    62 |    84 |   167 |       |       |       |       |       ||   313
       Kick              |    16 |    25 |    54 |   136 |   387 |   327 |   426 |   641 ||  2012
       Trident           |       |     2 |    10 |    10 |       |       |       |       ||    22
       War axe           |       |       |    56 |   505 |   656 |       |       |       ||  1217
       Executioner's axe |       |       |       |       |     2 |       |   768 |  1204 ||  1974
       Battleaxe         |       |       |       |       |   378 |   778 |   267 |       ||  1423
 Fire: Blowgun           |       |       |       |       |     5 |       |       |       ||     5
Throw: Javelin           |       |       |       |       |     5 |       |     2 |     2 ||     9
       Throwing net      |       |       |       |       |     1 |       |       |       ||     1
 Cast: Shroud of Golubri |       |       |       |       |       |       |     2 |     8 ||    10
       Regeneration      |       |       |       |       |       |       |     1 |    14 ||    15
       Blink             |       |       |       |       |       |       |       |    15 ||    15
       Apportation       |       |       |       |       |       |       |       |     3 ||     3
Invok: Berserk           |     3 |     2 |     5 |    23 |    32 |    17 |    10 |       ||    92
       Trog's Hand       |       |     2 |     8 |    16 |    16 |    22 |    27 |       ||    91
       Brothers in Arms  |       |       |       |       |     2 |     1 |     3 |       ||     6
       Lesser Servant of |       |       |       |       |       |       |       |     1 ||     1
Evoke: Wand              |       |       |       |     4 |     3 |    14 |     8 |    13 ||    42
       Lamp of fire      |       |       |       |       |     1 |     3 |     3 |     1 ||     8
       Fan of gales      |       |       |       |       |     1 |       |     1 |       ||     2
       Box of beasts     |       |       |       |       |       |       |     3 |     2 ||     5
       Phial of floods   |       |       |       |       |       |       |     1 |     2 ||     3
       Sack of spiders   |       |       |       |       |       |       |     1 |       ||     1
       Horn of Geryon    |       |       |       |       |       |       |       |     1 ||     1
       Phantom mirror    |       |       |       |       |       |       |       |     1 ||     1
  Use: Scroll            |       |     5 |     6 |     5 |    24 |     4 |    27 |     9 ||    80
       Potion            |       |       |       |       |     4 |       |     7 |    10 ||    21
 Stab: Sleeping          |       |       |       |       |     1 |     2 |     1 |     2 ||     6
       Confused          |       |       |       |       |     1 |     1 |       |       ||     2
       Distracted        |       |       |       |       |       |       |     2 |       ||     2
  Eat: Chunk             |     1 |     5 |    10 |    31 |    29 |    30 |    24 |    11 ||   141
       Ration            |       |       |     3 |     4 |    12 |     4 |     8 |     4 ||    35
Armor: Animal skin       |    20 |       |       |       |       |       |       |       ||    20
       Ring mail         |     4 |    19 |    99 |    58 |       |       |       |       ||   180
       Chain mail        |       |       |    22 |       |    13 |       |       |       ||    35
       Leather armour    |       |       |       |    95 |   163 |       |       |       ||   258
       Fire dragon scale |       |       |       |       |   295 |   457 |   412 |   306 ||  1470
       Gold dragon scale |       |       |       |       |   218 |       |       |       ||   218
       Troll leather arm |       |       |       |       |     1 |    65 |     1 |    35 ||   102
       Acid dragon scale |       |       |       |       |       |       |    85 |       ||    85
       Ice dragon scales |       |       |       |       |       |       |       |   492 ||   492
Dodge: Dodged            |    27 |    19 |    87 |   139 |   366 |   331 |   365 |   631 ||  1965
       Deflected         |       |     1 |    15 |     4 |    14 |    25 |    36 |    45 ||   140
